 Dungeon Crawl Stone Soup version 0.28-a0-1435-g82390b3a13 (webtiles) character file.

Game seed: 17395525243034155427

1234 Hasart the Shield-Bearer (level 8, -5/55 HPs)
             Began as an Octopode Fighter on Jan 9, 2022.
             Was an Initiate of Gozag.
             Slain by an ogre (33 damage)
             ... on level 5 of the Dungeon.
             The game lasted 00:17:03 (5602 turns).

Hasart the Shield-Bearer (Octopode Fighter)         Turns: 5602, Time: 00:17:04

Health: -5/55      AC:  1    Str: 17    XL:     8   Next: 48%
Magic:  8/8        EV: 14    Int: 11    God:    Gozag
Gold:   154        SH:  5    Dex: 11    Spells: 7/7 levels left

rFire   . . .      SeeInvis .   p - +3 war axe (elec)
rCold   . . .      Faith    .   b - +0 buckler
rNeg    . . .      Spirit   .   (helmet restricted)
rPois   .          Reflect  .   (no amulet)
rElec   .          Harm     .   (no ring)
rCorr   .          Rampage  .   (no ring)
Will    .....                   (no ring)
Stlth   ++........              (no ring)
HPRegen 0.18/turn               (no ring)
MPRegen 0.11/turn               (no ring)
                                (no ring)
                                (no ring)

@: gold aura
A: almost no armour, amphibious, 8 rings, camouflage 1, gelatinous body 1,
(nimble swimmer 1), tentacles
a: Renounce Religion, Potion Petition, Call Merchant, Bribe Branch


You were on level 5 of the Dungeon.
You worshipped Gozag.
Gozag was aware of your devotion.
You visited 2 branches of the dungeon, and saw 6 of its levels.

You collected 215 gold pieces.
You paid 61 gold pieces to Gozag.

Inventory:

Hand Weapons
 a - a +0 trident
 g - a +3 war axe of electrocution
 p - a +3 war axe of electrocution (weapon)
Armour
 b - a +0 buckler (worn)
Magical Staves
 h - a staff of air
Wands
 j - a wand of paralysis (8)
 s - a wand of polymorph (4)
Scrolls
 k - 4 scrolls of teleportation
 n - a scroll of fog {unknown}
 o - 2 scrolls of magic mapping
 r - 3 scrolls of identify
Potions
 c - 2 potions of might
 d - a potion of haste
 e - 2 potions of resistance
 f - 3 potions of lignification
 i - a potion of brilliance
 l - a potion of berserk rage {unknown}
 m - a potion of heal wounds {unknown}
 q - a potion of invisibility {unknown}


   Skills:
 + Level 5.1 Fighting
 * Level 3.5(4.8) Axes
 - Level 4.9(5.4) Polearms
 + Level 5.0 Dodging
 + Level 5.1 Shields
 + Level 3.1 Evocations


You had 7 spell levels left.
You didn't know any spells.
Your spell library contained the following spells:

 Spells                   Type           Power      Damage    Failure   Level
 Blink                    Tloc           0%         N/A       56%         2
 Ensorcelled Hibernation  Hex/Ice        0%         N/A       56%         2
 Lesser Beckoning         Tloc           0%         N/A       80%         3
 Spider Form              Tmut/Pois      0%         N/A       80%         3
 Manifold Assault         Tloc           0%         N/A       100%        5
 Borgnjor's Revivificati  Necr           0%         N/A       100%        8
 Necromutation            Tmut/Necr      0%         N/A       100%        8
 Death's Door             Necr           0%         N/A       100%        9


Dungeon Overview and Level Annotations

Branches:
Dungeon (5/15)             Temple (1/1) D:5

Altars:
Gozag
Kikubaaqudgha
Sif Muna

Portals:
Abyss: D:3

Annotations:
D:3 2 transporters, bmj180's ghost, amateur PaFi


Innate Abilities, Weirdness & Mutations

You cannot wear most types of armour.
You are amphibious.
You can wear up to eight rings at the same time.
Your skin changes colour to match your surroundings (Stealth+).
Your rubbery body absorbs attacks. (AC +1, EV +1)
((You are camouflaged when in or above water. (Stealth+)))
You have tentacles for arms and can constrict up to eight enemies at once.


Message History

There is an open door here.
There is an open door here.
There is a staircase back to the Dungeon here.
You climb upwards.
Welcome back to the Dungeon!
There is a staircase to the Ecumenical Temple here.
There is a fountain of clear blue water here.
You now have 154 gold pieces (gained 13).
Eustachio the Magnificent comes into view.
He is wielding a +0 rapier and wearing a +3 leather armour of cold resistance.
Eustachio is nearby!
Eustachio shouts!
You hear a shout!
An ogre comes into view. It is wielding a +0 giant club.
Eustachio barely misses you.
You hit Eustachio. You grab Eustachio.
You squeeze Eustachio, but do no damage.
Eustachio is lightly wounded.
You constrict Eustachio. You block Eustachio's attack.
Eustachio hits you with a +0 rapier.
You slash Eustachio!
Eustachio is moderately wounded.
You constrict Eustachio, but do no damage.
Eustachio mumbles some strange words.
Eustachio struggles to blink free from constriction.
You hit Eustachio but do no damage.
Eustachio is moderately wounded.
You constrict Eustachio. Eustachio hits you with a +0 rapier!
You hit Eustachio. Lightning courses through Eustachio!
Eustachio is almost dead.
You constrict Eustachio.
You kill Eustachio!
Your Dodging skill increases to level 5!
Your Evocations skill increases to level 3!
You hit the ogre. Lightning courses through the ogre!
The ogre is heavily wounded.
The ogre hits you with a +0 giant club!
You hit the ogre.
The ogre is severely wounded.
The ogre hits you with a +0 giant club!!
Ouch! That really hurt!
You die...
Your body crumbles into a pile of gold.

...###.################
......................
..................... .
.............$......
..###...........@O...###
........................
..................#.....#....
.......<..........#.....#......#.
..................#............#.
.......#..........#..............
.......#..........#..............
##.##+##..........#.......##.....
##.##.##..........#.......##.....


You could see an ogre.

Vanquished Creatures
  Eustachio (D:5)
  An orc warrior (D:3)
  2 black bears
  A necrophage (D:5)
  A water moccasin skeleton (D:4)
  A bullfrog zombie (D:5)
  A jelly (D:2)
  A centaur zombie (D:5)
  A centaur skeleton (D:5)
  A bullfrog skeleton (D:5)
  2 hounds
  3 orc priests
  A gnoll shaman (D:4)
  An iguana (D:4)
  2 orc wizards
  Ijyb (D:3)
  A hound skeleton (D:4)
  4 gnolls (D:4)
  9 adders
  An ufetubus (D:5)
  An adder zombie (D:5)
  2 worms (D:3)
  4 dart slugs
  12 orcs
  5 bats
  10 endoplasms
  7 giant cockroaches
  5 goblins
  6 hobgoblins
  12 jackals
  4 quokkas
  2 ball pythons
  4 frilled lizards
  12 kobolds
  6 rats
128 creatures vanquished.

Vanquished Creatures (others)
  7 fungi (D:2)
7 creatures vanquished.

Grand Total: 135 creatures vanquished

Notes
Turn   | Place    | Note
-------+----------+-------------------------------------------
     0 | D:1      | Hasart the Octopode Fighter began the quest for the Orb.
     0 | D:1      | Reached XP level 1. HP: 16/16 MP: 1/1
   212 | D:1      | Reached XP level 2. HP: 19/21 MP: 2/2
   559 | D:1      | Reached XP level 3. HP: 21/26 MP: 3/3
  1149 | D:2      | Reached XP level 4. HP: 31/31 MP: 4/4
  1628 | D:2      | Found a faded altar of an unknown god.
  1704 | D:3      | Noticed a black bear
  1708 | D:3      | Reached XP level 5. HP: 36/36 MP: 5/5
  1716 | D:3      | Killed a black bear
  1809 | D:3      | Reached XP level 6. HP: 43/43 MP: 6/6
  2162 | D:3      | Noticed Ijyb
  2164 | D:3      | Paralysed by Ijyb for 5 turns
  2173 | D:3      | Killed Ijyb
  2252 | D:3      | Found a one-way gate to the infinite horrors of the Abyss.
  2252 | D:3      | Noticed bmj180's ghost (amateur PaFi)
  2256 | D:3      | Found a transporter.
  2366 | D:3      | Found a transporter.
  2368 | D:3      | Noticed an orc warrior
  2423 | D:3      | Killed an orc warrior
  2424 | D:3      | Reached skill level 1 in Evocations
  2434 | D:2      | Reached XP level 7. HP: 10/49 MP: 7/7
  3616 | D:4      | Reached skill level 1 in Axes
  4081 | D:4      | HP: 1/49 [orc (6)]
  4534 | D:5      | Entered Level 5 of the Dungeon
  4835 | D:5      | Reached XP level 8. HP: 51/54 MP: 8/8
  5257 | D:5      | Reached skill level 5 in Shields
  5367 | D:5      | Reached skill level 5 in Fighting
  5380 | D:5      | Found a staircase to the Ecumenical Temple.
  5458 | Temple   | Entered the Ecumenical Temple
  5512 | Temple   | Became a worshipper of Gozag Ym Sagoz the Greedy
  5591 | D:5      | Noticed Eustachio
  5600 | D:5      | Killed Eustachio
  5601 | D:5      | Reached skill level 5 in Dodging
  5602 | D:5      | Slain by an ogre

Illustrated notes

Levels and vault maps discovered:
D:1:      psy_arrival_spokes, layout_basic
D:2:      layout_rooms, shapermc_ecumenical_altar_hornbeckon,
          kennysheep_flooded_box, minmay_pentomino_w4
D:3:      layout_basic, gammafunk_ghost_abyssal_escape, minmay_bisected,
          uniq_ijyb
D:4:      minmay_clustersquares, layout_basic
D:5:      layout_basic, minmay_temple_entry_large_hall, uniq_eustachio
Temple:   mainiacjoe_temple_hex_bubbles

Skill      XL: |  1  2  3  4  5  6  7  8 |
---------------+-------------------------+-----
Polearms       | 3 4 |  4.9
Fighting       | 4 5 |  5.1
Shields        | 4 5 |  5.1
Dodging        | 4 5 |  5.0
Evocations     | 1 2 3 |  3.1
Axes           | 2 3 |  3.5

Action                   |  1- 3 |  4- 6 |  7- 9 || total
-------------------------+-------+-------+-------++-------
Melee: Trident           |    62 |    80 |    31 ||   173
       Constrict         |    12 |    20 |    28 ||    60
       Tentacles         |     8 |    16 |    25 ||    49
       Punch             |       |     4 |     2 ||     6
       War axe           |       |       |   103 ||   103
  Use: Scroll            |     2 |       |     7 ||     9
 Stab: Sleeping          |    11 |     2 |     5 ||    18
Armor: Skin              |     4 |     4 |     3 ||    11
Dodge: Dodged            |    21 |    37 |   105 ||   163
Block: Buckler           |    12 |     6 |    36 ||    54

Table legend: (Time is in decaauts)
 A = Elapsed time spent in this place.
 B = Non-inter-level travel time spent in this place.
 C = Inter-level travel time spent in this place.
 D = Time resting spent in this place.
 E = Time spent auto-exploring this place.
 F = Levels seen in this place.
 G = Mean time per level.
                   A        B        C        D        E       F      G
               +--------+--------+--------+--------+--------+-----+--------+
         Total |   5668 |   5478 |    190 |    923 |   3648 |   6 |  944.7 |
       Dungeon |   5598 |   5423 |    175 |    923 |   3598 |   5 | 1119.6 |
        Temple |     69 |     54 |     15 |      0 |     50 |   1 |   69.0 |
               +--------+--------+--------+--------+--------+-----+--------+

Top non-repeatable levels by time:
     D:3: 1408 daAuts
     D:4: 1273 daAuts
     D:2: 1112 daAuts
     D:1: 969 daAuts
     D:5: 833 daAuts
  Temple: 69 daAuts
